 Dungeon Crawl Stone Soup version 0.27.1-1-g398f81649c (webtiles) character file.

Game seed: 10608737079472250981

3936 Borgoz the Carver (level 10, -18/64 HPs)
             Began as a Gargoyle Berserker on Sept 21, 2021.
             Was an Elder of Trog.
             Demolished by a two-headed ogre (24 damage)
             ... on level 7 of the Dungeon.
             The game lasted 00:07:05 (6432 turns).

Borgoz the Carver (Gargoyle Berserker)              Turns: 6432, Time: 00:07:05

Health: -18/64     AC: 20    Str: 21    XL:     10   Next: 21%
Magic:  10/10      EV: 14    Int:  8    God:    Trog [****..]
Gold:   294        SH:  0    Dex: 18    Spells: 9/9 levels left

rFire    . . .     SeeInvis +   a - +2 long sword (drain)
rCold    . . .     Faith    .   (no shield)
rNeg     + . .     Spirit   .   w - +0 acid dragon scales
rPois    ∞         Reflect  .   (no helmet)
rElec    +         Harm     .   s - +1 cloak
rCorr    +         Rampage  .   x - +0 pair of gloves
Will     .....                  d - +0 pair of boots
Stlth    +.........             (no amulet)
HPRegen  0.20/turn              y - +6 ring of dexterity
MPRegen  0.12/turn              t - ring of Katute {Slay+5 SInv}

@: marked, on berserk cooldown, slowed, very slow
A: sickness immunity, AC +7, negative energy resistance 1, electricity
resistance, torment resistance 1, petrification resistance
a: Renounce Religion, Berserk, Trog's Hand, Brothers in Arms


You were on level 7 of the Dungeon.
You worshipped Trog.
Trog was greatly pleased with you.
You visited 2 branches of the dungeon, and saw 8 of its levels.

You collected 294 gold pieces.

Inventory:

Hand Weapons
 a - a +2 long sword of draining (weapon)
 b - a +0 great sword
Armour
 d - a +0 pair of boots (worn)
 s - a +1 cloak (worn)
 w - +0 acid dragon scales (worn)
 x - a +0 pair of gloves (worn)
Jewellery
 t - the ring of Katute (right hand) {Slay+5 SInv}
   (You found it on level 4 of the Dungeon)

   [ring of see invisible]

   Slay:      It affects your accuracy & damage with ranged weapons and melee
   (+5).
   SInv:      It lets you see invisible.
 y - a +6 ring of dexterity (left hand)
Wands
 i - a wand of flame (53)
Scrolls
 c - 3 scrolls of teleportation {unknown}
 f - 2 scrolls of torment {unknown}
 g - 2 scrolls of fear {unknown}
 l - 2 scrolls of magic mapping {unknown}
 o - a scroll of acquirement {unknown}
 p - a scroll of enchant armour {unknown}
 q - a scroll of enchant weapon {unknown}
 u - a scroll of immolation {unknown}
 v - 2 scrolls of identify {unknown}
Potions
 e - 2 potions of might {unknown}
 j - a potion of lignification {unknown}
 k - 2 potions of invisibility {unknown}
 m - a potion of degeneration {unknown}
 n - a potion of resistance {unknown}
 r - 4 potions of curing {unknown}


   Skills:
 + Level 7.8 Fighting
 * Level 8.9 Long Blades
 + Level 7.4 Armour
 + Level 5.5 Dodging


You had 9 spell levels left.
You didn't know any spells.
Your spell library was empty.

Dungeon Overview and Level Annotations

Branches:
Dungeon (7/15)             Temple (1/1) D:4

Altars:
Cheibriados
Dithmenos
Elyvilon
Gozag
Hepliaklqana
Kikubaaqudgha
Makhleb
Nemelex Xobeh
Okawaru
Qazlal
Trog
Uskayaw
Vehumet
Wu Jian
Xom
Yredelemnul
Zin


Innate Abilities, Weirdness & Mutations

You are immune to sickness and miasma.
Your stone body is resilient. (AC +7)
You are immune to poison.
You resist negative energy. (rN+)
You are resistant to electric shocks. (rElec)
You are resistant to unholy torment.
You are immune to petrification.


Message History

Things that are here:
+0 steam dragon scales; a steam dragon corpse The centaur shoots an arrow.
The arrow hits you but does no damage.
The centaur shoots an arrow.
The arrow barely misses you.
The centaur shoots an arrow.
The arrow hits you but does no damage.
An iguana comes into view.
Your skin stops crawling.
You feel less strong-willed.
The centaur shoots an arrow.
The arrow completely misses you.
A two-headed ogre comes into view.
It is wielding a +0 giant club and a +0 giant spiked club.
The centaur shoots an arrow.
The arrow hits you.
The centaur unwields a +0 shortbow.
The centaur hits you but does no damage.
The centaur misses you. The centaur closely misses you.
The centaur kicks you but does no damage.
You slash the centaur! You drain the centaur.
You kill the centaur!
Trog accepts your kill. The orc misses you.
You slash the orc!
You kill the orc!
Trog accepts your kill.
You slash the iguana! You drain the iguana.
You kill the iguana!
Trog accepts your kill.
The two-headed ogre hits you with a +0 giant club!!
The two-headed ogre hits you with a +0 giant spiked club!
The two-headed ogre hits you with a +0 giant club!!
* * * LOW HITPOINT WARNING * * *
The two-headed ogre hits you with a +0 giant spiked club.
* * * LOW HITPOINT WARNING * * *
You see here a +0 club.
Okay, then.
Throw: throwing net
Press: ? - help, Q - select action, (/) - cycle Shift-Dir - straight line, f - two-headed ogre
Aim: a two-headed ogre, wielding a +0 giant club and a +0 giant spiked club (80% to hit)
You throw a throwing net.
The throwing net barely misses the two-headed ogre.
The two-headed ogre closely misses you.
The two-headed ogre hits you with a +0 giant spiked club!!
You die...

#...#.#.#..#.......#
...........##.#....# ###
...........#...#.#.#....
.##.#.###..#.......#....
... ...........#........
.##.#.###....#####......
.. ....)......#.)......
..# ........[.....#. ..#
######..#.#@))# .
#.)...#O## . ###.....(#
# #......# .....#....
####....... #.##.#...
#.# .#....


You could see a two-headed ogre.

Vanquished Creatures
  Harold (D:7)
  Maggie (D:6)
  A steam dragon (D:7)
  5 water moccasins
  A sky beast (D:6)
  Duvessa (D:6)
  2 ice beasts (D:6)
  3 necrophages
  3 ogres (D:6)
  4 centaurs
  Blork the orc (D:6)
  A bullfrog (D:6)
  2 scorpions
  Dowan (D:6)
  A water moccasin skeleton (D:6)
  A bullfrog zombie (D:5)
  A centaur zombie (D:5)
  2 howler monkeys (D:7)
  A jelly (D:5)
  A gnoll shaman (D:6)
  A hound (D:6)
  3 iguanas
  Jessica (D:2)
  A centaur skeleton (D:5)
  3 orc wizards
  A howler monkey zombie (D:6)
  14 adders
  5 gnolls (D:6)
  A howler monkey skeleton (D:6)
  2 shadow imps (D:6)
  A dart slug (D:4)
  18 orcs
  5 ball pythons
  3 bats
  9 endoplasms
  3 giant cockroaches
  9 goblins
  6 hobgoblins
  4 jackals (D:5)
  11 kobolds
  A quokka (D:3)
  3 frilled lizards
  5 rats
144 creatures vanquished.

Notes
Turn   | Place    | Note
-------+----------+-------------------------------------------
     0 | D:1      | Borgoz the Gargoyle Berserker began the quest for the Orb.
     0 | D:1      | Reached XP level 1. HP: 14/14 MP: 1/1
   187 | D:1      | Reached XP level 2. HP: 19/19 MP: 2/2
   197 | D:1      | Reached skill level 3 in Long Blades
   382 | D:1      | Reached ** piety under Trog
   392 | D:1      | Reached XP level 3. HP: 23/23 MP: 3/3
   945 | D:2      | Noticed Jessica
   952 | D:2      | Killed Jessica
   953 | D:2      | Reached XP level 4. HP: 20/29 MP: 4/4
  1575 | D:2      | Found a faded altar of an unknown god.
  1642 | D:2      | Reached XP level 5. HP: 33/33 MP: 5/5
  2062 | D:3      | Found an ancient bone altar of Kikubaaqudgha.
  2795 | D:4      | Found a staircase to the Ecumenical Temple.
  2932 | D:4      | Reached skill level 4 in Long Blades
  3071 | D:4      | Found an ornate altar of the Wu Jian Council.
  3358 | D:4      | Identified the ring of Katute {Slay+5 SInv}
  3384 | D:4      | Reached *** piety under Trog
  3393 | D:4      | Reached XP level 6. HP: 24/39 MP: 6/6
  3719 | Temple   | Entered the Ecumenical Temple
  4135 | D:5      | Entered Level 5 of the Dungeon
  4226 | D:5      | Noticed a water moccasin
  4231 | D:5      | Killed a water moccasin
  4257 | D:5      | Noticed a water moccasin
  4259 | D:5      | Noticed a necrophage
  4267 | D:5      | Killed a water moccasin
  4268 | D:5      | Reached XP level 7. HP: 44/44 MP: 7/7
  4271 | D:5      | Reached skill level 5 in Fighting
  4271 | D:5      | Reached skill level 5 in Long Blades
  4565 | D:5      | Found a sparkling altar of Nemelex Xobeh.
  4566 | D:5      | Found an opulent altar of Gozag.
  4680 | D:6      | Noticed Maggie
  4687 | D:6      | Reached XP level 8. HP: 44/50 MP: 8/8
  4702 | D:6      | Killed Maggie
  4703 | D:6      | Reached skill level 6 in Long Blades
  4703 | D:6      | Reached skill level 5 in Armour
  5106 | D:6      | Noticed Blork the orc
  5126 | D:6      | Killed Blork the orc
  5188 | D:6      | Noticed Duvessa
  5189 | D:6      | Noticed Dowan
  5197 | D:6      | Reached skill level 7 in Long Blades
  5198 | D:6      | Killed Duvessa
  5199 | D:6      | Reached XP level 9. HP: 54/56 MP: 9/9
  5209 | D:6      | Reached **** piety under Trog
  5212 | D:6      | Killed Dowan
  6023 | D:6      | Found an iron altar of Okawaru.
  6167 | D:6      | Reached skill level 5 in Dodging
  6173 | D:6      | Reached skill level 8 in Long Blades
  6396 | D:7      | Noticed Harold
  6414 | D:7      | Killed Harold
  6415 | D:7      | Reached XP level 10. HP: 64/64 MP: 10/10
  6426 | D:7      | Noticed a two-headed ogre
  6432 | D:7      | Demolished by a two-headed ogre

Illustrated notes

Levels and vault maps discovered:
D:1:      dpeg_arrival_boxorama, layout_rooms, minivault_26
D:2:      layout_loops_corners, basic_ecumenical_altar,
          minmay_misc_feat_nine_boxes, minmay_fractal_squares_gapless_5,
          uniq_jessica
D:3:      layout_basic, kiku_gazebo_garden_becter, moated_statue
D:4:      layout_loops_ring, mainiacjoe_overflow_small_starburst,
          lemuel_temple_firewalk_b
D:5:      layout_rooms, grunt_temple_overflow_opulence, serial_corexii_hall,
          chequers_hall_statues_wall_a, corexii_hall_statues_u,
          corexii_hall_statues_u, chequers_hall_statues_wall_a
D:6:      mumra_celtic_spiral_tile, layout_basic, okawaru_altar_gauntlet_db,
          minmay_joined_circles, uniq_blork_the_orc, uniq_maggie, uniq_duvessa
D:7:      layout_basic, mainiacjoe_overflow_concentric_impassable,
          grunt_temple_overflow_open, nicolae_ru_awakened_eye,
          gammafunk_ghost_cemetery, hangedman_decor_lopped,
          nicolae_shop_firing_range, uniq_harold
Temple:   minmay_temple_forest_path

Skill      XL: |  1  2  3  4  5  6  7  8  9 |
---------------+----------------------------+-----
Long Blades    | 3 4 5 7 8 |  8.9
Dodging        | 2 3 4 5 |  5.5
Armour         | 3 4 5 7 |  7.4
Fighting       | 4 5 6 7 |  7.8

Action                   |  1- 3 |  4- 6 |  7- 9 | 10-12 || total
-------------------------+-------+-------+-------+-------++-------
Melee: Falchion          |    97 |   142 |       |       ||   239
       Long sword        |       |    50 |   170 |     6 ||   226
       Unarmed           |       |       |     6 |       ||     6
Throw: Throwing net      |       |       |       |     1 ||     1
Invok: Berserk           |     1 |       |     3 |       ||     4
       Trog's Hand       |       |       |     3 |       ||     3
Evoke: Wand              |       |       |     3 |       ||     3
  Use: Scroll            |       |       |     1 |       ||     1
 Stab: Sleeping          |     1 |     1 |       |       ||     2
Armor: Animal skin       |    46 |    92 |    25 |       ||   163
       Acid dragon scale |       |       |    67 |     5 ||    72
       Skin              |       |       |     2 |       ||     2
Dodge: Dodged            |    77 |   126 |   168 |     9 ||   380
       Rpst.: Falchion   |    27 |    27 |       |       ||    54
       Long sword        |       |    13 |    44 |       ||    57
